Map: Abyssal Reef LE

Players

Bly - Winner!

  • Race: Zerg Zerg
  • Spawn Location: 5:00

Sitaska

  • Race: Zerg Zerg
  • Spawn Location: 11:00

Event: WCS Valencia 2017

VOD

Have the link to the VOD?

Description

Time

  • Played on: July 13, 2017, 6:17 a.m.
  • Length: 3:11

All games in this series

Show
View Real Time Build Order
Export as new Build Order

Bly Zerg - Winner!

Build Orders: Pool First 

Get SALT Encoding   

  12  0:18  Spawning Pool  
  11  0:22  Drone  
  11  0:26  Drone  
  13  0:31  Drone  
  14  0:42  Overlord  
  14  1:05  Zergling x4  
  14  1:06  Zergling x2  
  17  1:17  Zergling x2  
  18  1:21  Hatchery  
  17  1:28  Zergling x2  
  18  1:34  Queen  
  18  1:39  Zergling x2  
  21  1:49  Zergling x2  
  22  2:04  Overlord  
  22  2:21  Queen  
  22  2:22  Drone x2  
  25  2:31  Drone  
  26  2:48  Drone x3  
  31  2:59  Drone x4  
Show
View Real Time Build Order
Export as new Build Order

Sitaska Zerg 

Build Orders: Hatch First 

Get SALT Encoding   

  12  0:00  Drone  
  13  0:09  Drone  
  13  0:13  Extractor  
  13  0:16  Drone  
  15  0:23  Overlord  
  15  0:48  Hatchery, Drone  
  15  0:52  Extractor  
  15  0:55  Drone  
  15  1:11  Spawning Pool  
  14  1:27  Drone  
  14  1:29  Overlord  
  15  1:33  Drone  
  16  2:00  Zergling x8  
  16  2:19  Zergling x4  
  18  2:28  Zergling x2  
  19  2:36  Zergling x2  
  17  2:44  Zergling x2  
  17  2:47  Zergling x2  
Tags
 
Add a new tag
Caveats
  • Supply blocks, unpowered buildings, or Contaminate may cause inaccurate times.
  • Supply counts are checked every 10 seconds.